 Dungeon Crawl Stone Soup version 0.28-a0-245-g639a1a48b9 (webtiles) character file.

Game seed: 17132556249000703058

1983 PentaManta the Grappler (level 9, -4/71 HPs)
             Began as a Ghoul Abyssal Knight on Aug 25, 2021.
             Was an Elder of Lugonu.
             Killed from afar by a swamp worm (12 damage)
             ... with a harpoon shot
             ... on level 7 of the Dungeon.
             The game lasted 00:13:49 (7968 turns).

PentaManta the Grappler (Ghoul Abyssal Knight)      Turns: 7968, Time: 00:13:51

Health: -4/71      AC: 12    Str: 19    XL:     9   Next: 20%
Magic:  9/10       EV:  7    Int:  7    God:    Lugonu [****..]
Gold:   378        SH:  0    Dex:  8    Spells: 8/8 levels left

rFire   . . .      SeeInvis .     - Unarmed
rCold   + . .      Faith    .   (no shield)
rNeg    + + +      Spirit   .   r - +0 chain mail
rPois   ∞          Reflect  .   n - +0 helmet
rElec   .          Harm     .   h - +0 cloak
rCorr   .          Rampage  .   (no gloves)
Will    .....                   (no boots)
Stlth   ..........              B - amulet of the acrobat
HPRegen 0.00/turn               (no ring)
MPRegen 0.12/turn               (no ring)

@: inhibited regen, very slow
A: claws 1, cold resistance 1, negative energy resistance 3, inhibited
regeneration, torment resistance 2
a: Renounce Religion, Depart the Abyss, Bend Space, Banish, Corrupt


You were on level 7 of the Dungeon.
You worshipped Lugonu.
Lugonu was greatly pleased with you.
You visited 2 branches of the dungeon, and saw 8 of its levels.
You visited the Abyss 1 time.

You collected 378 gold pieces.

Inventory:

Missiles
 m - 21 poisoned darts
 u - 2 boomerangs (quivered)
Armour
 h - a +0 cloak (worn)
 k - a +0 scale mail
 n - a +0 helmet (worn)
 r - a +0 chain mail (worn)
 v - a +0 pair of gloves
 y - a +0 buckler
Jewellery
 A - a ring of magical power
 B - an amulet of the acrobat (around neck)
Wands
 l - a wand of flame (4)
 w - a wand of charming (7)
Scrolls
 a - a scroll of vulnerability {unknown}
 b - 3 scrolls of acquirement {unknown}
 d - 3 scrolls of teleportation {unknown}
 e - 5 scrolls of identify {unknown}
 i - a scroll of fog {unknown}
 j - a scroll of fear {unknown}
 p - 3 scrolls of immolation {unknown}
 q - a scroll of amnesia {unknown}
 x - a scroll of holy word {unknown}
 z - a scroll of enchant weapon {unknown}
Potions
 c - a potion of lignification {unknown}
 f - a potion of mutation {unknown}
 g - a potion of curing
 o - a potion of resistance {unknown}
 s - 2 potions of attraction {unknown}
 t - a potion of heal wounds {unknown}
Miscellaneous
 C - a piece from Xom's chessboard (15/15)


   Skills:
 - Level 4.0 Fighting
 + Level 5.9 Armour
 - Level 0.8 Dodging
 * Level 2.2 Shields
 + Level 10.0 Unarmed Combat
 * Level 3.5 Invocations


You had 8 spell levels left.
You didn't know any spells.
Your spell library contained the following spells:

 Spells                   Type           Power      Damage    Failure   Level
 Freeze                   Ice            0%         1d3       99%         1
 Sting                    Tmut/Pois      0%         1d3       99%         1
 Static Discharge         Conj/Air       0%         N/A       100%        2
 Frozen Ramparts          Ice            0%         1d2       100%        3
 Airstrike                Air            0%         N/A       100%        4
 Cause Fear               Hex            0%         N/A       100%        4
 Hailstorm                Conj/Ice       0%         3d3       100%        4
 Summon Lightning Spire   Summ/Air       0%         N/A       100%        4
 Alistair's Intoxication  Tmut/Pois      0%         N/A       100%        5
 Lightning Bolt           Conj/Air       0%         1d11      100%        5
 Maxwell's Capacitive Co  Air            0%         ∞         100%        8
 Dragon's Call            Summ           0%         N/A       100%        9
 Dragon Form              Tmut           Unusable   N/A       N/A         7

Dungeon Overview and Level Annotations

Branches:
Dungeon (7/15)             Temple (1/1) D:6

Altars:
Ashenzari
Cheibriados
Elyvilon
Fedhas
Gozag
Hepliaklqana
Kikubaaqudgha
Nemelex Xobeh
Okawaru
Sif Muna
Trog
Uskayaw
Xom
Yredelemnul
The Shining One
Beogh
Lugonu


Innate Abilities, Weirdness & Mutations

You thrive by killing the living.
You are immune to poison.
You have sharp fingernails.
Your flesh is cold resistant. (rC+)
You are immune to negative energy. (rN+++)
You do not regenerate when monsters are visible.
You are immune to unholy pain and torment.


Message History

A nearby plant withers and dies.
The orc warrior hits you with a +0 battleaxe!
You scratch the orc warrior.
The orc warrior is lightly wounded.
The orc warrior hits you with a +0 battleaxe.
You scratch the orc warrior but do no damage.
The orc warrior is lightly wounded.
The orc warrior hits you with a +0 battleaxe.
The swamp worm fires a harpoon shot at you.
The harpoon shot hits you!
You are yanked forward by the harpoon shot.
Splash!
You fall into the shallow water.
Moving in this stuff is going to be slow.
Unknown command.
You enter the shallow water.
Moving in this stuff is going to be slow.
A nearby plant withers and dies.
The swamp worm barely misses you. The swamp worm bites you!
The swamp worm fires a harpoon shot at you.
The harpoon shot hits you but does no damage.
The swamp worm fires a harpoon shot at you.
The harpoon shot misses you.
The swamp worm fires a harpoon shot at you.
The harpoon shot hits you!
You are yanked forward by the harpoon shot.
Splash!
You fall into the shallow water.
Moving in this stuff is going to be slow.
The swamp worm fires a harpoon shot at you.
The harpoon shot hits you but does no damage.
The swamp worm bites you!
* * * LOW HITPOINT WARNING * * *
Space bends around you!
You blink.
Splash!
You fall into the shallow water.
Moving in this stuff is going to be slow.
The swamp worm fires a harpoon shot at you.
The harpoon shot hits you!
You die...

..# ≈≈≈≈≈≈ ..# .....
..###### #.#.<
..#....# #.#.#####
..#.##.# #.#.....##
..#.##.# #.#)###..#
....##.# #.o≈≈≈≈≈.#
######.# ###o≈≈≈≈≈≈#
.... #.#
##.ww≈@≈P≈≈# ##
#.#.####.§≈≈##≈##≈≈#
#........≈w≈# ≈≈# ≈≈
########.≈≈## ≈≈# ≈
#.≈≈# )≈≈ #.≈≈# ≈≈##
#.≈≈≈# ≈≈# #..≈≈#
≈## ##..≈≈


You could see 3 swamp worms, an orc warrior and an orc.

Vanquished Creatures
  Eustachio (D:6)
  A water moccasin (D:6)
  2 black bears
  A sky beast (D:5)
  An ice beast (D:6)
  A phantom (D:6)
  A centaur (D:7)
  A gnoll sergeant (D:4)
  A scorpion (D:4)
  A water moccasin skeleton (D:4)
  A howler monkey (D:5)
  A crimson imp (D:6)
  2 centaur zombies
  3 hounds
  3 orc priests
  A centaur skeleton (D:6)
  3 jellies
  6 iguanas
  4 orc wizards
  A hound skeleton (D:5)
  Robin (D:4)
  9 gnolls
  10 adders
  3 white imps
  An ufetubus (D:5)
  5 worms
  4 dart slugs
  23 orcs
  3 bat zombies (D:6)
  5 endoplasms
  5 giant cockroaches
  12 goblins
  7 hobgoblins
  6 jackals (D:1)
  3 kobolds (D:2)
  7 quokkas
  8 ball pythons
  3 bats
  5 frilled lizards
  2 rats
  2 rat zombies (D:6)
  A spectral orc (D:3)
161 creatures vanquished.

Vanquished Creatures (others)
  3 plants (D:7)
  4 starspawn tentacles (Abyss:2)
7 creatures vanquished.

Grand Total: 168 creatures vanquished

Notes
Turn   | Place    | Note
-------+----------+-------------------------------------------
     0 | Abyss:1  | PentaManta the Ghoul Abyssal Knight began the quest for the
                  | Orb.
     0 | Abyss:1  | Reached XP level 1. HP: 19/19 MP: 1/1
   116 | Abyss:2  | Noticed a tentacled starspawn
   120 | Abyss:2  | Noticed a small abomination
   123 | Abyss:2  | Noticed a starcursed mass
   137 | D:1      | Escaped the Abyss
   279 | D:1      | Reached skill level 3 in Unarmed Combat
   279 | D:1      | Reached XP level 2. HP: 25/26 MP: 2/2
   725 | D:1      | Reached * piety under Lugonu
   827 | D:1      | Reached XP level 3. HP: 31/31 MP: 3/3
  1460 | D:2      | Reached skill level 4 in Unarmed Combat
  1582 | D:2      | Reached XP level 4. HP: 39/39 MP: 4/4
  2293 | D:2      | Found a faded altar of an unknown god.
  2740 | D:2      | Reached XP level 5. HP: 34/46 MP: 5/5
  2962 | D:3      | Found a hide-covered altar of Uskayaw.
  2989 | D:3      | Reached ** piety under Lugonu
  3029 | D:3      | Found a basalt altar of Yredelemnul.
  3193 | D:3      | Found a sparkling altar of Nemelex Xobeh.
  3328 | D:3      | Reached skill level 5 in Unarmed Combat
  3749 | D:4      | Got the Collected Works on Envenoming
  3823 | D:4      | Found a broken altar of Ashenzari.
  3903 | D:4      | Noticed Robin
  3925 | D:5      | Entered Level 5 of the Dungeon
  4019 | D:5      | Reached XP level 6. HP: 50/52 MP: 6/6
  4047 | D:4      | Killed Robin
  4194 | D:3      | Reached skill level 6 in Unarmed Combat
  4586 | D:4      | Reached XP level 7. HP: 31/59 MP: 7/7
  4627 | D:4      | Reached *** piety under Lugonu
  5026 | D:5      | Found a snail-covered altar of Cheibriados.
  5049 | D:5      | Reached skill level 7 in Unarmed Combat
  5465 | D:4      | Reached skill level 8 in Unarmed Combat
  5779 | D:5      | Reached XP level 8. HP: 66/66 MP: 8/8
  6524 | D:6      | Found a staircase to the Ecumenical Temple.
  6549 | Temple   | Entered the Ecumenical Temple
  6622 | D:6      | Reached skill level 5 in Armour
  6632 | D:6      | Found a bloodstained altar of Trog.
  6655 | D:6      | Found a shimmering blue altar of Sif Muna.
  6668 | D:6      | Reached skill level 9 in Unarmed Combat
  6925 | D:6      | Noticed Eustachio
  6958 | D:6      | Killed Eustachio
  7383 | D:6      | Reached **** piety under Lugonu
  7386 | D:6      | Found an ancient bone altar of Kikubaaqudgha.
  7519 | D:6      | Reached skill level 1 in Shields
  7519 | D:6      | Reached XP level 9. HP: 59/71 MP: 9/9
  7798 | D:7      | Found a shimmering altar of Xom.
  7838 | D:7      | Reached skill level 10 in Unarmed Combat
  7968 | D:7      | Killed from afar by a swamp worm

Illustrated notes

Levels and vault maps discovered:
D:1:      minmay_arrival_diagonal_passages, layout_loops_corners
D:2:      layout_rooms, hellmonk_ecumenical_altar_defaced_shrine
D:3:      layout_basic, nemelex_spade_bored_becter, general_overflow_altar,
          yredelemnul_forgotten_temple_becter
D:4:      layout_cave_pools, mainiacjoe_overflow_alcove_4, uniq_robin
D:5:      layout_loops_cross, kennysheep_slug_shrine
D:6:      layout_rooms, nicolae_sif_muna_condensation, lemuel_tele_altar,
          lemuel_zombie_altar_kikubaaqudgha, minmay_temple_entry_tees,
          minmay_fire_ice_demons, uniq_eustachio
D:7:      layout_basic, grunt_temple_overflow_lords_of_destruction,
          xom_butterflies, mainiacjoe_overflow_cross_hatched, worms_lemuel
Temple:   corrupted_temple

Skill      XL: |  1  2  3  4  5  6  7  8  9 |
---------------+----------------------------+-----
Unarmed Combat | 3 4 5 6 8 9 10 | 10.0
Armour         | 2 3 4 5 |  5.9
Fighting       | 4 |  4.0
Shields        | 1 2 |  2.2
Invocations    | 3 |  3.5
Dodging        | |  0.8

Action                   |  1- 3 |  4- 6 |  7- 9 || total
-------------------------+-------+-------+-------++-------
Melee: Unarmed           |   101 |   250 |   257 ||   608
       Punch             |       |     1 |     5 ||     6
Throw: Dart              |       |     6 |     5 ||    11
       Boomerang         |       |       |    13 ||    13
Invok: Depart the Abyss  |     1 |       |       ||     1
       Bend Space        |       |       |     2 ||     2
Evoke: Wand              |       |       |    11 ||    11
  Use: Potion            |       |       |     1 ||     1
Armor: Leather armour    |    10 |       |       ||    10
       Ring mail         |    19 |    18 |       ||    37
       Scale mail        |       |    80 |    24 ||   104
       Chain mail        |       |       |   172 ||   172
Dodge: Dodged            |    54 |   123 |   105 ||   282

Table legend: (Time is in decaauts)
 A = Elapsed time spent in this place.
 B = Non-inter-level travel time spent in this place.
 C = Inter-level travel time spent in this place.
 D = Time resting spent in this place.
 E = Time spent auto-exploring this place.
 F = Levels seen in this place.
 G = Mean time per level.
                   A        B        C        D        E       F      G
               +--------+--------+--------+--------+--------+-----+--------+
         Total |   7919 |   7681 |    238 |   2062 |   4027 |  10 |  791.9 |
       Dungeon |   7727 |   7500 |    227 |   2062 |   3949 |   7 | 1103.9 |
        Temple |     55 |     44 |     11 |      0 |     37 |   1 |   55.0 |
         Abyss |    136 |    136 |      0 |      0 |     41 |   2 |   68.0 |
               +--------+--------+--------+--------+--------+-----+--------+

Top non-repeatable levels by time:
     D:1: 1486 daAuts
     D:3: 1301 daAuts
     D:5: 1300 daAuts
     D:6: 1159 daAuts
     D:2: 1140 daAuts
     D:4: 1034 daAuts
     D:7: 304 daAuts
 Abyss:2: 84 daAuts
  Temple: 55 daAuts
 Abyss:1: 52 daAuts
